AoeStats
← Coyunto90

Arabian Desert

509350594Analyzed
1v1 RM · 5d ago on Sep 26, 2026· 46m 5s· 2 players
Game mode
Random Map
Map size
Tiny (2 player)
Population
200
Speed
Normal
Resources
Standard
Victory
Conquest
Starting age
Dark Age
Ending age
Imperial Age
RankedLock teamsTeams togetherTeam positionsShared explorationLock speedFull tech treeHidden civsTurbo modeCheats
Victory
Defeat
🇻🇪 Franks · Venezuela
1155
+17
🇪🇸 Cumans · Spain
1171
-17
Bothstarling2.0
6:30 Loom
9:32 Feudal Age
16:45 Double-Bit Axe
21:56 Castle Age
21:09 Wheelbarrow
21:58 Gold Mining
22:53 Husbandry
24:21 Wheelbarrow
25:24 Hand Cart
25:22 Stone Mining
26:09 Gold Shaft Mining
28:48 Forging
28:44 Scale Barding Armor
28:44 Pikeman
29:25 Squires
31:54 Bow Saw
31:59 Scale Mail Armor
32:35 Iron Casting
33:25 Town Watch
35:20 Chain Mail Armor
38:39 Imperial Age
39:04 Elite Throwing Axeman
40:06 Conscription
41:13 Fletching
41:24 Padded Archer Armor
46:34 Chivalry
Coyunto90
8:04 Loom
10:03 Feudal Age
11:29 Double-Bit Axe
12:54 Double-Bit Axe
15:45 Double-Bit Axe
22:54 Horse Collar
26:34 Castle Age
24:37 Gold Mining
25:32 Scale Barding Armor
26:05 Forging
27:03 Bloodlines
27:40 Bow Saw
30:00 Wheelbarrow
31:30 Chain Barding Armor
32:18 Heavy Plow
33:13 Iron Casting
33:18 Hand Cart
38:17 Imperial Age
35:44 Fletching
36:17 Ballistics
36:57 Capped Ram
37:53 Scale Mail Armor
38:18 Pikeman
38:59 Squires
39:14 Halberdier
41:06 Chain Mail Armor
41:28 Plate Barding Armor
41:29 Town Watch
43:17 Two-Man Saw
42:54 Plate Mail Armor
43:06 Conscription
43:54 Chemistry
44:46 Blast Furnace
Connection lost

Rejoining the realm…

Still unreachable

The connection could not be restored.

Session expired

The server has moved on; the page needs a fresh start.